 Dungeon Crawl Stone Soup version 0.32-a0-673-g3729bd50f8 (webtiles) character file.

Game seed: 7723188673554725383

9 Aldia the Shield-Bearer (level 2, 0/24 HPs)
             Began as a Formicid Fighter on Mar 11, 2024.
             Succumbed to a goblin's poison
             ... on level 1 of the Dungeon.
             The game lasted 00:00:16 (132 turns).

Aldia the Shield-Bearer (Formicid Fighter)           Turns: 132, Time: 00:00:16

Health: 0/24       AC:  6    Str: 20    XL:     2   Next: 20%
Magic:  2/2        EV:  9    Int:  7    God:
Gold:   17         SH:  5    Dex: 13    Spells: 1/1 levels left

rFire   . . .        a - +0 quarterstaff
rCold   . . .        c - +0 buckler
rNeg    . . .        b - +0 scale mail
rPois   .            (helmet unavailable)
rElec   .            (no cloak)
rCorr   .            (no gloves)
SInv    +            (no boots)
Will    .....        (no amulet) Stlth
                     (no ring)
HPRegen 0.24/turn    (no ring)
MPRegen 0.08/turn

%: no passive effects
@: lethally poisoned (0 -> -25)
A: permanent stasis, dig shafts and tunnels, antennae 3, four strong arms
a: Dig, Shaft Self


You were on level 1 of the Dungeon.
You visited 1 branch of the dungeon, and saw 1 of its levels.

You collected 17 gold pieces.

Inventory:

Hand Weapons
 a - a +0 quarterstaff (weapon)
Armour
 b - a +0 scale mail (worn)
 c - a +0 buckler (worn)
Potions
 d - a potion of might


   Skills:
 + Level 3.4 Fighting
 * Level 2.4 Staves
 + Level 3.4 Armour
 - Level 4.0 Shields


You had one spell level left.
You didn't know any spells.
Your spell library was empty.

Dungeon Overview and Level Annotations

Branches:
Dungeon (1/15)

Altars:


Innate Abilities, Weirdness & Mutations

You cannot be hasted, slowed, berserked, paralysed or teleported.
You can dig through walls and to a lower floor.
You have a pair of large antennae on your head. (SInv)
Your four strong arms can wield two-handed weapons with a shield.


Message History

A rat is nearby!
You barely miss the rat. The rat bites you but does no damage.
The rat closely misses you.
You sock the rat!
You kill the rat!
No target in view!
No target in view!
You now have 17 gold pieces (gained 8).
Found 8 stones.
You see here 8 stones.
You sense a monster nearby.
Found a hand axe.
A goblin comes into view. It is wielding a +1 dagger of venom.
The goblin shouts!
You hear a shout!
A hobgoblin comes into view.
There are monsters nearby!
There are monsters nearby!
There are monsters nearby!
The goblin hits you with a +1 dagger of venom.
You are poisoned.
You closely miss the goblin.
You feel very sick. You block the goblin's attack.
You closely miss the goblin.
You feel sick.
The goblin hits you with a +1 dagger of venom.
You are lethally poisoned!
You are too injured to fight recklessly!
You are too injured to fight recklessly!
You are too injured to fight recklessly!
You closely miss the goblin.
You feel very sick. The goblin barely misses you.
You barely miss the goblin.
* * * LOW HITPOINT WARNING * * *
You feel very sick. The goblin hits you but does no damage.
You are more poisoned.
The goblin hits you but does no damage.
You are more poisoned.
You die...

{ #.#
#.. #.#
#.. #.#
#.. #.#
#.. #.#
##..
#.# ...
#.#
#.###.#
#.@...#
##.##.#
#g##.#
#g##.#
#.##.#
#.##.#
#.##)#
..##..
..#


You could see a hobgoblin and a goblin.

Vanquished Creatures
  2 ball pythons (D:1)
  An endoplasm (D:1)
  2 giant cockroaches (D:1)
  A hobgoblin (D:1)
  A kobold (D:1)
  A rat (D:1)
8 creatures vanquished.

Notes
Turn   | Place    | Note
-------+----------+-------------------------------------------
     0 | D:1      | Aldia the Formicid Fighter began the quest for the Orb.
     0 | D:1      | Reached XP level 1. HP: 18/18 MP: 1/1
    58 | D:1      | Reached XP level 2. HP: 24/24 MP: 2/2
   132 | D:1      | Succumbed to a goblin's poison

Illustrated notes

Levels and vault maps discovered:
D:1:      shiori_arrival_oz, layout_loops_ring

Action                     || total
---------------------------++-------
  Melee: Quarterstaff      ||    24
 Armour: Scale mail        ||    16
  Dodge: Dodged            ||    10
  Block: Buckler           ||     6

Table legend: (Time is in decaauts)
 A = Elapsed time spent in this place.
 B = Non-inter-level travel time spent in this place.
 C = Inter-level travel time spent in this place.
 D = Time resting spent in this place.
 E = Time spent auto-exploring this place.
 F = Levels seen in this place.
 G = Mean time per level.
                   A        B        C        D        E       F      G
               +--------+--------+--------+--------+--------+-----+--------+
         Total |    137 |    137 |      0 |      0 |     88 |   1 |  137.0 |
       Dungeon |    137 |    137 |      0 |      0 |     88 |   1 |  137.0 |
               +--------+--------+--------+--------+--------+-----+--------+

Top non-repeatable levels by time:
     D:1: 137 daAuts
